[Event "Titled Tuesday Blitz May 03 Early 2022"]
[White "Perez Molina, Robinson"]
[Black "Borgaonkar Akshay"]
[WhiteFideId "3403882"]
[BlackFideId "25639110"]
[WhiteElo "2252"]
[BlackElo "1624"]
[Result "0-1"]
[Round "11"]
[TimeControl "180+1"]
[Date "2022.05.03"]
[WhiteClock "0:00:01"]
[BlackClock "0:01:18"]

1. e4 c6 2. d4 d5 3. Nc3 dxe4 4. Nxe4 Nf6 5. Nxf6+ exf6 6. c3 Bd6 7. Bd3 O-O 8. Qc2 Re8+ 9. Ne2 h5 10. O-O Nd7 11. Be3 Nf8 12. h3 h4 13. Rfe1 Bb8 14. Nf4 Qd6 15. c4 Ne6 16. c5 Qc7 17. b4 Bd7 18. Bh7+ Kh8 19. Nxe6 Qh2+ 20. Kf1 Bxe6 21. Be4 f5 22. Bf3 f4 23. d5 cxd5 24. Bd4 Bc7 25. Qc3 Bf5 26. Bxg7+ Kg8 27. Re5 Bxe5 28. Bxe5 f6 29. Bxd5+ Kh7 0-1


[Site "https://www.chess.com"]

[Event "Titled Tuesday Blitz May 03 Early 2022"]
[White "Peterson, Eric"]
[Black "Quirke, Jeffrey"]
[WhiteFideId "14908395"]
[BlackFideId "2013029"]
[WhiteElo "2195"]
[BlackElo "2082"]
[Result "0-1"]
[Round "11"]
[TimeControl "180+1"]
[Date "2022.05.03"]
[WhiteClock "0:00:25"]
[BlackClock "0:00:10"]

1. e4 c6 2. d4 d5 3. exd5 cxd5 4. c4 Nf6 5. Nc3 g6 6. Qb3 Bg7 7. cxd5 O-O 8. Be2 Nbd7 9. Bf3 Nb6 10. Bg5 a5 11. Nge2 a4 12. Qb5 Bd7 13. Qb4 Rc8 14. O-O Re8 15. Rac1 Rc4 16. Qa3 Bf5 17. Rfd1 h6 18. Bxf6 Bxf6 19. b3 axb3 20. Qxb3 Qd6 21. h3 Rb4 22. Qa3 Ra8 23. Nb5 Rxa3 24. Nxd6 exd6 25. Rc7 Rxa2 26. g4 Bc2 27. Rd2 Rbb2 28. Rxb7 Nc4 29. Rxb2 Rxb2 30. Rxc2 Rxc2 31. Kg2 Nd2 32. Nf4 Nxf3 33. Kxf3 Bxd4 34. Ne2 Rxe2 35. Kxe2 Kf8 36. f3 Bc5 37. Kd3 Ke7 38. Ke4 Kf6 39. f4 g5 40. fxg5+ hxg5 41. Kf3 Ke5 42. Ke2 Kxd5 43. Kf3 Ke5 44. Ke2 Ke4 0-1


[Site "https://www.chess.com"]

[Event "Titled Tuesday Blitz May 03 Early 2022"]
[White "Petrova, Irina"]
[Black "Odegov, Artem"]
[WhiteFideId "14124122"]
[BlackFideId "34183644"]
[WhiteElo "1993"]
[BlackElo "2286"]
[Result "1-0"]
[Round "11"]
[TimeControl "180+1"]
[Date "2022.05.03"]
[WhiteClock "0:00:22"]
[BlackClock "0:00:15"]

1. e4 e6 2. d4 d5 3. Nc3 Bb4 4. Ne2 dxe4 5. a3 Be7 6. g4 Nf6 7. g5 Nd5 8. Nxe4 b6 9. c4 f5 10. N4g3 Bb7 11. cxd5 Bxd5 12. Rg1 Nc6 13. Nc3 O-O 14. Bf4 Bxg5 15. Nxd5 exd5 16. Bxg5 Qxg5 17. Bb5 Na5 18. Ne2 Qf6 19. b4 Nc4 20. Bxc4 dxc4 21. Kf1 Rae8 22. Nf4 b5 23. Nh5 Qh4 24. Rxg7+ Kh8 25. d5 Qh3+ 26. Kg1 Re4 27. Rg3 Qh4 28. Ra2 f4 29. Qa1+ Rf6 30. Qxf6+ Qxf6 31. Nxf6 Re1+ 32. Kg2 fxg3 33. hxg3 Rb1 34. Re2 Rd1 35. g4 Kg7 36. Ne8+ Kg6 37. Nxc7 c3 38. Nxb5 Rd2 39. Rxd2 cxd2 40. Nc3 Kf6 41. Kf1 Ke5 42. Ke2 Kd4 43. Kxd2 Ke5 44. Ke3 Kd6 45. Kd4 Kd7 46. Kc5 Ke7 47. d6+ Kd7 48. Kd5 Kd8 49. Kc6 Kc8 50. d7+ Kd8 51. Ne4 h5 52. Nc5 a5 53. Kd6 axb4 54. Ne6# 1-0


[Site "https://www.chess.com"]

[Event "Titled Tuesday Blitz May 03 Early 2022"]
[White "Pham, Tran Gia Phuc"]
[Black "Eynullayev, Atilla"]
[WhiteFideId "12415669"]
[BlackFideId "13413570"]
[WhiteElo "1789"]
[BlackElo "1936"]
[Result "0-1"]
[Round "11"]
[TimeControl "180+1"]
[Date "2022.05.03"]
[WhiteClock "0:00:09"]
[BlackClock "0:01:06"]

1. e4 c5 2. Nc3 e6 3. Nf3 d5 4. exd5 exd5 5. d4 Nc6 6. Bg5 Nf6 7. dxc5 Bxc5 8. Bxf6 Qxf6 9. Qxd5 Bb4 10. O-O-O Bxc3 11. bxc3 Be6 12. Qb5 Qxc3 13. Bd3 O-O 14. Ng5 Nb4 15. Nxe6 fxe6 16. Qc4 Qxc4 17. Bxc4 Rxf2 18. Bxe6+ Kh8 19. Bb3 Rxg2 20. Rd7 Rc8 21. Rhd1 h6 22. Rd8+ Rxd8 23. Rxd8+ Kh7 24. a3 Nc6 25. Bg8+ Kg6 26. Rd6+ Kf5 27. Rd7 b6 28. Bh7+ Ke6 29. Rc7 Rg1+ 30. Kb2 Kd6 31. Rf7 h5 32. Be4 h4 33. Rf3 Ne5 34. Rf2 g5 35. Rd2+ Ke6 36. Bd5+ Kf6 37. Rf2+ Ke7 38. Rf5 Kd6 39. c4 g4 40. Kc3 Rc1+ 41. Kd4 Rd1+ 42. Kc3 Rd3+ 43. Kb4 a5+ 44. Kb5 Rb3+ 45. Ka6 Nd3 46. Rf6+ Kc5 47. Rc6+ Kd4 48. Rg6 Nc5+ 49. Ka7 g3 50. hxg3 hxg3 51. Rxb6 Rxb6 52. Kxb6 Ne4 53. Kxa5 g2 0-1


[Site "https://www.chess.com"]

[Event "Titled Tuesday Blitz May 03 Early 2022"]
[White "Piliczewski, Bogusz"]
[Black "Lohani, Sujana"]
[WhiteFideId "1104144"]
[BlackFideId "12311987"]
[WhiteElo "1896"]
[BlackElo "1691"]
[Result "1-0"]
[Round "11"]
[TimeControl "180+1"]
[Date "2022.05.03"]
[WhiteClock "0:01:12"]
[BlackClock "0:00:03"]

1. d4 Nf6 2. Nf3 e6 3. Bf4 d5 4. e3 c5 5. c3 Qb6 6. b3 cxd4 7. exd4 Nc6 8. Bd3 Qd8 9. O-O Bd6 10. Ne5 O-O 11. Nd2 a6 12. Qe2 Ne8 13. Rae1 g6 14. Bg3 Ng7 15. f4 Be7 16. Ng4 Bh4 17. Bxh4 Qxh4 18. g3 Qd8 19. Nf3 b5 20. Nh6+ Kh8 21. Ng5 1-0


[Site "https://www.chess.com"]

[Event "Titled Tuesday Blitz May 03 Early 2022"]
[White "Pranav, V"]
[Black "Rohith Krishna S"]
[WhiteFideId "25060783"]
[BlackFideId "46617051"]
[WhiteElo "2349"]
[BlackElo "2117"]
[Result "1-0"]
[Round "11"]
[TimeControl "180+1"]
[Date "2022.05.03"]
[WhiteClock "0:01:25"]
[BlackClock "0:01:07"]

1. Nf3 Nf6 2. g3 g6 3. Bg2 Bg7 4. O-O O-O 5. d3 d6 6. Nbd2 c5 7. e4 Nc6 8. Re1 Rb8 9. h3 b5 10. Nf1 a5 11. Bf4 Nd7 12. Qc1 Re8 13. Bh6 Bh8 14. Ne3 a4 15. a3 Nd4 16. Nxd4 cxd4 17. Nd5 Nb6 18. Nb4 Bb7 19. f4 Qc7 20. Qd2 Rbc8 21. h4 Nd7 22. Bh3 Rcd8 23. Rf1 Nc5 24. Qf2 Bc8 25. Nd5 Qa7 26. Bxc8 Rxc8 27. f5 e5 28. Qf3 Rb8 29. Rf2 Qd7 30. Raf1 gxf5 31. Qxf5 Re6 32. Qxf7+ Qxf7 33. Rxf7 Bg7 34. Rxg7+ Kh8 35. Nf6 1-0


[Site "https://www.chess.com"]

[Event "Titled Tuesday Blitz May 03 Early 2022"]
[White "Priyanka, K"]
[Black "Chernomordik, Pavel"]
[WhiteFideId "5082986"]
[BlackFideId "2804530"]
[WhiteElo "1905"]
[BlackElo "2220"]
[Result "1-0"]
[Round "11"]
[TimeControl "180+1"]
[Date "2022.05.03"]
[WhiteClock "0:00:23"]
[BlackClock "0:00:38"]

1. e4 g6 2. d4 Bg7 3. Nc3 d6 4. Be3 a6 5. Qd2 b5 6. h4 h6 7. f4 h5 8. Nf3 Nh6 9. Bd3 Bb7 10. a4 b4 11. Ne2 a5 12. c3 bxc3 13. bxc3 Nd7 14. Rb1 Ba6 15. Bxa6 Rxa6 16. Qd3 Qa8 17. d5 Ng4 18. Bd4 O-O 19. O-O c5 20. Bxg7 Kxg7 21. Rb5 Rb6 22. Rfb1 Rxb5 23. Rxb5 Ndf6 24. c4 e6 25. e5 Ne8 26. dxe6 Nc7 27. e7 Re8 28. exd6 Nxb5 29. cxb5 Nf6 30. Ne5 Qb7 31. Qc4 Rxe7 32. dxe7 Qxe7 33. Nc3 Qd6 34. Qxf7+ Kh8 35. Nxg6# 1-0


[Site "https://www.chess.com"]

[Event "Titled Tuesday Blitz May 03 Early 2022"]
[White "Prohorov, Olexandr"]
[Black "Vokarev, Sergey"]
[WhiteFideId "14105578"]
[BlackFideId "4119711"]
[WhiteElo "1993"]
[BlackElo "2343"]
[Result "1/2-1/2"]
[Round "11"]
[TimeControl "180+1"]
[Date "2022.05.03"]
[WhiteClock "0:01:04"]
[BlackClock "0:01:51"]

1. Nf3 Nf6 2. c4 g6 3. Nc3 d5 4. cxd5 Nxd5 5. h4 h5 6. d4 Nb6 7. Bg5 Bg7 8. e3 Nc6 9. Be2 O-O 10. Rc1 Bg4 11. O-O a5 12. b3 Re8 13. a3 Qd6 14. Bf4 e5 15. Nb5 Qe7 16. dxe5 Rad8 17. Qc2 Nd5 18. Rfd1 Nxe5 19. Bg5 Bf6 20. Bxf6 Qxf6 21. Rxd5 Rxd5 22. Nxc7 1/2-1/2


[Site "https://www.chess.com"]

[Event "Titled Tuesday Blitz May 03 Early 2022"]
[White "Redor, Menandro"]
[Black "Hamley, Ryan"]
[WhiteFideId "5222010"]
[BlackFideId "30959497"]
[WhiteElo "1986"]
[BlackElo "2503"]
[Result "0-1"]
[Round "11"]
[TimeControl "180+1"]
[Date "2022.05.03"]
[WhiteClock "0:00:28"]
[BlackClock "0:00:08"]

1. d4 Nf6 2. Nf3 g6 3. Bf4 Bg7 4. e3 d6 5. h4 O-O 6. h5 Nxh5 7. Rxh5 gxh5 8. Bd3 h6 9. c3 Bg4 10. Qc2 Bxf3 11. gxf3 e5 12. dxe5 dxe5 13. Bg3 Nc6 14. Nd2 Qe7 15. O-O-O Rad8 16. Rh1 Qe6 17. Bc4 Rxd2 18. Kxd2 Qxc4 19. b3 Rd8+ 20. Kc1 Qd3 21. Rxh5 Qxc2+ 22. Kxc2 f6 23. f4 Kf7 24. fxe5 Nxe5 25. Rh4 Kg6 26. Ra4 a6 27. Rb4 b5 28. a4 c5 29. Rf4 h5 30. axb5 axb5 31. Rh4 Ra8 32. Kb1 Bh6 33. Re4 Kf5 34. Rh4 Kg6 35. Re4 Bg7 36. Rh4 Re8 37. Rh1 Ng4 38. Rd1 c4 39. bxc4 bxc4 40. Rd4 Rc8 41. Kc2 f5 42. Rd6+ Kf7 43. Bh4 Bf6 44. Rd7+ Ke6 45. Rh7 Bxh4 46. Rxh5 Bf6 47. f3 Nxe3+ 48. Kd2 Nd5 49. Kc2 Nxc3 50. f4 Nd5 51. Rh1 Nxf4 52. Re1+ Be5 53. Rd1 Nd3 54. Rh1 Kd5 55. Rh7 f4 56. Rd7+ Ke4 57. Rb7 f3 58. Rf7 f2 59. Kd2 Bf4+ 60. Ke2 c3 61. Kf1 c2 62. Re7+ Be5 63. Rf7 c1=Q+ 64. Kg2 Qg1+ 65. Kh3 Qg3# 0-1


[Site "https://www.chess.com"]

[Event "Titled Tuesday Blitz May 03 Early 2022"]
[White "Reprintsev, Alexander"]
[Black "Cunha, Lucas Aguiar"]
[WhiteFideId "14100541"]
[BlackFideId "2125404"]
[WhiteElo "2108"]
[BlackElo "2361"]
[Result "0-1"]
[Round "11"]
[TimeControl "180+1"]
[Date "2022.05.03"]
[WhiteClock "0:00:11"]
[BlackClock "0:01:25"]

1. e4 c5 2. b3 g6 3. Bb2 Nf6 4. e5 Nh5 5. Qf3 Nc6 6. Bc4 e6 7. Qe3 a6 8. a4 Nb4 9. Na3 b5 10. Be2 Bb7 11. Bxh5 gxh5 12. Nf3 Rg8 13. O-O Bc6 14. axb5 axb5 15. c4 bxc4 16. Nxc4 Rxa1 17. Bxa1 Qa8 18. Kh1 Nc2 19. Qc3 Nd4 20. Na5 Bxf3 21. gxf3 Nxf3 22. Nc4 Nxd2+ 23. f3 Nxf1 24. Nb6 Qa2 25. Bb2 Qb1 26. Bc1 Qg6 0-1


[Site "https://www.chess.com"]

[Event "Titled Tuesday Blitz May 03 Early 2022"]
[White "Richter, Nils"]
[Black "D`Arruda, Ricardo D."]
[WhiteFideId "12990809"]
[BlackFideId "100692"]
[WhiteElo "2243"]
[BlackElo "2426"]
[Result "1-0"]
[Round "11"]
[TimeControl "180+1"]
[Date "2022.05.03"]
[WhiteClock "0:00:17"]
[BlackClock "0:00:04"]

1. e4 c5 2. Nf3 Nc6 3. b3 e6 4. Bb2 d5 5. exd5 exd5 6. Bb5 Nf6 7. Qe2+ Be6 8. Ng5 Qe7 9. Nxe6 fxe6 10. O-O O-O-O 11. Bxc6 bxc6 12. d3 Kb7 13. Nd2 Re8 14. Nf3 Qc7 15. Be5 Bd6 16. c4 Nd7 17. Bxd6 Qxd6 18. d4 cxd4 19. Nxd4 e5 20. Nf5 Qf6 21. cxd5 Qxf5 22. dxc6+ Kxc6 23. Qa6+ Kc7 24. Qxa7+ Kd8 25. Rfd1 Ke7 26. Rd2 Ra8 27. Qe3 Rad8 28. Rad1 Qf6 29. Qa7 Qe6 30. h3 Rhe8 31. b4 Qc6 32. a4 Ke6 33. b5 Qc8 34. Rd6+ Ke7 35. b6 e4 36. b7 Qb8 37. Qa6 Nf6 38. Rxd8 Rxd8 39. Rxd8 Qxd8 40. Qa7 Nd7 41. a5 Qb8 42. Qa8 Kd6 43. a6 Kc7 44. a7 Qxb7 45. Qg8 1-0


[Site "https://www.chess.com"]

[Event "Titled Tuesday Blitz May 03 Early 2022"]
[White "Rodchenkov, Sergey D."]
[Black "Khokhlova, Daria"]
[WhiteFideId "4168712"]
[BlackFideId "24182729"]
[WhiteElo "2306"]
[BlackElo "2034"]
[Result "1-0"]
[Round "11"]
[TimeControl "180+1"]
[Date "2022.05.03"]
[WhiteClock "0:00:41"]
[BlackClock "0:00:13"]

1. e4 c5 2. Nf3 d6 3. d4 cxd4 4. Nxd4 Nf6 5. Nc3 a6 6. Bg5 e6 7. f4 Be7 8. Qf3 Qc7 9. O-O-O b5 10. g4 Bb7 11. Bxf6 gxf6 12. f5 e5 13. Nb3 Nd7 14. Kb1 Nc5 15. Nxc5 Qxc5 16. Nd5 Bxd5 17. Rxd5 Qc6 18. Be2 Kf8 19. h4 h6 20. Rg1 Kg7 21. Rdd1 Rac8 22. Bd3 Qc5 23. Rdf1 Kf8 24. g5 hxg5 25. hxg5 Rg8 26. Qh5 b4 27. Rg4 Qe3 28. Rfg1 fxg5 29. Qh6+ Ke8 30. f6 Bf8 31. Qh7 Rg6 32. Bxa6 Ra8 33. Bb5+ Kd8 34. Qxf7 1-0


[Site "https://www.chess.com"]

[Event "Titled Tuesday Blitz May 03 Early 2022"]
[White "Rosen, Eric"]
[Black "Gharibyan, Mamikon"]
[WhiteFideId "2032562"]
[BlackFideId "13308300"]
[WhiteElo "2362"]
[BlackElo "2254"]
[Result "1-0"]
[Round "11"]
[TimeControl "180+1"]
[Date "2022.05.03"]
[WhiteClock "0:00:24"]
[BlackClock "0:01:11"]

1. d4 Nf6 2. Bf4 c5 3. e3 d5 4. Nf3 Nc6 5. Nbd2 Bg4 6. c3 e6 7. Qa4 Nd7 8. Bb5 Qb6 9. Ne5 Ndxe5 10. Bxe5 a6 11. Bxc6+ Qxc6 12. Qxc6+ bxc6 13. dxc5 f6 14. Bd6 Bxd6 15. cxd6 Kd7 16. f3 Bf5 17. O-O-O Kxd6 18. e4 Bg6 19. exd5 exd5 20. Rhe1 Rhe8 21. b4 a5 22. Nc4+ Kc7 23. Nxa5 h5 24. Kd2 h4 25. Rxe8 Rxe8 26. Re1 Rg8 27. Nb3 Ra8 28. Na5 Kd6 29. a4 Ra7 30. Ra1 h3 31. g3 Bh5 32. g4 Be8 33. Nb3 f5 34. gxf5 Bd7 35. Nd4 Ke5 36. a5 Kf4 37. Rg1 Bxf5 38. Nxc6 Rc7 39. Nd4 Bc8 40. Rg6 1-0


[Site "https://www.chess.com"]

[Event "Titled Tuesday Blitz May 03 Early 2022"]
[White "Samant Aditya S"]
[Black "Shimanov, Aleksandr"]
[WhiteFideId "35080580"]
[BlackFideId "4198603"]
[WhiteElo "1916"]
[BlackElo "2636"]
[Result "0-1"]
[Round "11"]
[TimeControl "180+1"]
[Date "2022.05.03"]
[WhiteClock "0:00:03"]
[BlackClock "0:00:12"]

1. e4 c6 2. d4 d5 3. Nc3 dxe4 4. Nxe4 Nf6 5. Nxf6+ exf6 6. c3 Bd6 7. Bd3 Na6 8. Ne2 Nc7 9. Bf4 h5 10. O-O h4 11. Re1 Kf8 12. Qd2 h3 13. g3 Nd5 14. Bxd6+ Qxd6 15. c4 Ne7 16. Qf4 Qxf4 17. Nxf4 Bg4 18. Be2 Bf5 19. Rad1 Rd8 20. Bf3 g5 21. Ne2 Kg7 22. Nc3 Rd7 23. Rd2 Rhd8 24. Red1 c5 25. Ne2 Ng6 26. Bd5 Be6 27. Bxe6 fxe6 28. f4 gxf4 29. gxf4 Nh4 30. Kf2 Nf5 31. d5 Nd6 32. Nc3 Nxc4 33. Re2 exd5 34. b3 Nb6 35. Rd3 Rh8 36. a4 a5 37. Nb5 d4 38. Rg3+ Kf7 39. f5 Nd5 40. Re6 Ne3 41. Nd6+ Rxd6 42. Rxd6 Nxf5 43. Rd7+ Ke6 44. Rxb7 Nxg3 45. Kxg3 d3 46. Kf2 Rg8 47. Rh7 Rg2+ 48. Ke1 Rxh2 49. Rh5 d2+ 50. Kd1 f5 51. Rh4 Ke5 52. Rh6 f4 53. Rh5+ Ke4 54. Rh8 f3 55. Rh4+ Kd3 56. Rxh3 Rxh3 57. b4 f2 58. bxa5 c4 59. a6 c3 0-1


[Site "https://www.chess.com"]

[Event "Titled Tuesday Blitz May 03 Early 2022"]
[White "Samarth, J Rao"]
[Black "Sztokbant, Bernardo Vainzoff"]
[WhiteFideId "46652370"]
[BlackFideId "2115956"]
[WhiteElo "1514"]
[BlackElo "2225"]
[Result "0-1"]
[Round "11"]
[TimeControl "180+1"]
[Date "2022.05.03"]
[WhiteClock "0:00:12"]
[BlackClock "0:00:08"]

1. d4 d5 2. c4 e6 3. Nc3 Nf6 4. Nf3 c5 5. e3 Nc6 6. cxd5 exd5 7. Bb5 Be7 8. O-O O-O 9. Bxc6 bxc6 10. Ne5 Qc7 11. f4 Ne8 12. Bd2 f6 13. Nf3 Rb8 14. b3 Ba6 15. Re1 c4 16. Rc1 Nd6 17. Na4 Ne4 18. bxc4 Bxc4 19. Rxc4 dxc4 20. Qc2 Nxd2 21. Nxd2 Bb4 22. Rd1 Bxd2 23. Rxd2 Qf7 24. h3 Rfe8 25. Kf2 Re7 26. Nb2 c3 27. Qxc3 Qxa2 28. Nc4 Qb3 29. Qc1 Rbe8 30. Rb2 Qd3 31. Rd2 Qe4 32. Qc3 Qd5 33. Re2 h5 34. Nd2 f5 35. Nb3 Kh7 36. Nd2 a5 37. Nf3 a4 38. Ne5 Ra8 39. Qa3 c5 40. dxc5 Rxe5 41. fxe5 Qxe5 42. c6 Qe4 43. c7 Qc6 44. Qe7 a3 45. Ra2 Qa6 46. Qf7 Qg6 47. Qxg6+ Kxg6 48. Rxa3 Rc8 49. Ra6+ Kf7 50. Rc6 Ke7 51. Kf3 g5 52. Rc1 Kd6 53. Rd1+ Ke6 54. Rd5 Kxd5 55. g4 hxg4+ 56. hxg4 fxg4+ 57. Kxg4 Ke4 58. Kxg5 Kxe3 59. Kf6 Rxc7 60. Ke6 Kd4 61. Kd6 Rc5 62. Kd7 Kd5 63. Ke7 Rc6 64. Kf7 Ke5 65. Kg7 Kf5 66. Kh7 Rc7+ 67. Kg8 Kf6 68. Kh8 Kg6 69. Kg8 Rc8# 0-1


[Site "https://www.chess.com"]

[Event "Titled Tuesday Blitz May 03 Early 2022"]
[White "Sebag, Marie"]
[Black "Arabidze, Meri"]
[WhiteFideId "617822"]
[BlackFideId "13604040"]
[WhiteElo "2440"]
[BlackElo "2335"]
[Result "1-0"]
[Round "11"]
[TimeControl "180+1"]
[Date "2022.05.03"]
[WhiteClock "0:00:14"]
[BlackClock "0:00:02"]

1. e4 c5 2. Nc3 Nc6 3. Bb5 g6 4. Bxc6 dxc6 5. d3 Bg7 6. f4 e5 7. Nf3 exf4 8. Bxf4 Nf6 9. O-O O-O 10. Bg5 Qb6 11. b3 c4+ 12. Kh1 cxd3 13. cxd3 Ng4 14. d4 h6 15. Bf4 g5 16. Bd2 Bxd4 17. Na4 Qd8 18. Nxd4 Qxd4 19. Qe1 Re8 20. Bc3 Qe3 21. Qxe3 Nxe3 22. Rf6 Ng4 23. Rff1 b6 24. h3 Ne5 25. Rad1 Ba6 26. Rf6 Ng6 27. Rxc6 Bb5 28. Rc7 Bxa4 29. bxa4 Rxe4 30. Rdd7 Rf8 31. Rxa7 Nh4 32. a5 bxa5 33. Bxa5 Rc4 34. Bc7 Rc1+ 35. Kh2 Rc2 36. Bd6 Rxg2+ 37. Kh1 Re8 38. Re7 Rxe7 39. Bxe7 Re2 40. Kg1 Re4 41. a4 Re2 42. a5 Ra2 43. a6 Nf3+ 44. Kf1 Kg7 45. Bc5 h5 46. Ra8 g4 47. hxg4 hxg4 48. Bf2 f5 49. a7 f4 50. Rb8 Ra1+ 51. Kg2 1-0


[Site "https://www.chess.com"]

[Event "Titled Tuesday Blitz May 03 Early 2022"]
[White "Shohat, Yotam"]
[Black "Kozin, Yuri"]
[WhiteFideId "2813955"]
[BlackFideId "4129920"]
[WhiteElo "2119"]
[BlackElo "2579"]
[Result "1-0"]
[Round "11"]
[TimeControl "180+1"]
[Date "2022.05.03"]
[WhiteClock "0:00:13"]
[BlackClock "0:00:02"]

1. e4 c5 2. Nf3 e6 3. Nc3 a6 4. d4 cxd4 5. Nxd4 Qc7 6. g3 Bb4 7. Bd2 Nf6 8. Bg2 Nc6 9. Nxc6 dxc6 10. O-O Be7 11. f4 e5 12. Kh1 b5 13. fxe5 Ng4 14. Bf4 Be6 15. Nd5 Qb7 16. h3 g5 17. hxg4 gxf4 18. gxf4 Rd8 19. c4 bxc4 20. Qa4 O-O 21. Qxc6 Qa7 22. Rad1 Bxg4 23. Rd2 Rc8 24. Qh6 Be6 25. Nf6+ 1-0


[Site "https://www.chess.com"]

[Event "Titled Tuesday Blitz May 03 Early 2022"]
[White "Shuvalov, Evgenij"]
[Black "Subaste, Arman"]
[WhiteFideId "4187237"]
[BlackFideId "5221080"]
[WhiteElo "2130"]
[BlackElo "1856"]
[Result "0-1"]
[Round "11"]
[TimeControl "180+1"]
[Date "2022.05.03"]
[WhiteClock "0:00:05"]
[BlackClock "0:00:12"]

1. Nf3 Nf6 2. c4 g6 3. g3 Bg7 4. Bg2 O-O 5. O-O d6 6. d4 Nc6 7. Nc3 a6 8. h3 Rb8 9. Be3 b5 10. Nd2 Bd7 11. d5 Na5 12. cxb5 axb5 13. b4 Nc4 14. Nxc4 bxc4 15. a3 Qc8 16. Kh2 h5 17. Rc1 Qa6 18. Nb1 c6 19. Bd4 cxd5 20. Bxf6 Bxf6 21. Bxd5 Rfc8 22. Qc2 Kg7 23. Bxc4 Qa7 24. Qd3 h4 25. g4 Rb7 26. Kg2 Rbc7 27. Nd2 d5 28. Qxd5 Bc6 29. Qxc6 Rxc6 30. b5 Rc5 31. f3 Bb2 32. Rc2 Bxa3 33. Rb1 Qa5 34. b6 Rb8 35. b7 Rc7 36. Nb3 Qa7 37. Ra2 Rxc4 38. Nd2 Rc3 39. Ne4 Re3 40. Kf2 Rb3+ 41. Kg2 Rxb1 42. Nc3 Qg1# 0-1


[Site "https://www.chess.com"]

[Event "Titled Tuesday Blitz May 03 Early 2022"]
[White "Skliarov, Viktor"]
[Black "Leiva, Gianmarco"]
[WhiteFideId "14106736"]
[BlackFideId "3804399"]
[WhiteElo "2229"]
[BlackElo "2323"]
[Result "1-0"]
[Round "11"]
[TimeControl "180+1"]
[Date "2022.05.03"]
[WhiteClock "0:00:21"]
[BlackClock "0:00:02"]

1. e4 c6 2. d4 d5 3. e5 c5 4. dxc5 e6 5. a3 Bxc5 6. b4 Be7 7. Bb2 a5 8. b5 a4 9. Nf3 Nd7 10. Nbd2 Nh6 11. c4 O-O 12. cxd5 exd5 13. Bd3 Nc5 14. Bc2 Bf5 15. O-O Qd7 16. Nd4 Bxc2 17. Qxc2 Rac8 18. Rae1 Ne6 19. Qd3 Nxd4 20. Bxd4 Qf5 21. Qg3 Qc2 22. Nf3 Nf5 23. Qf4 Bxa3 24. h4 Bb4 25. Rb1 Rc4 26. Rbc1 Qb3 27. Qxf5 Rxc1 28. Rxc1 g6 29. Qf6 1-0


[Site "https://www.chess.com"]

[Event "Titled Tuesday Blitz May 03 Early 2022"]
[White "Sokolovsky, Yahli"]
[Black "Ramirez Vido, Robert Yorisan"]
[WhiteFideId "2820242"]
[BlackFideId "3513823"]
[WhiteElo "1770"]
[BlackElo "2337"]
[Result "1-0"]
[Round "11"]
[TimeControl "180+1"]
[Date "2022.05.03"]
[WhiteClock "0:01:02"]
[BlackClock "0:01:23"]

1. b3 Nf6 2. Bb2 g6 3. d4 Bg7 4. Nf3 O-O 5. g3 d6 6. Bg2 Nbd7 7. O-O e5 8. c4 Re8 9. e3 exd4 10. exd4 d5 11. Nc3 c6 12. Ne5 dxc4 13. Nxd7 Bxd7 14. bxc4 Bg4 15. Qd2 Qd7 16. Rfe1 Rad8 17. Rxe8+ Nxe8 18. d5 cxd5 19. Nxd5 Bxb2 20. Qxb2 Be6 21. Rd1 Bxd5 22. Rxd5 Qe7 23. Rxd8 Qxd8 24. Bxb7 Nd6 25. Bd5 Qc7 26. Qd4 Qb6 27. c5 Qb1+ 28. Kg2 Nf5 29. Qf6 Nh6 30. c6 Qd3 31. Qd8+ Kg7 32. c7 Nf5 33. c8=Q Ne3+ 34. fxe3 Qe2+ 35. Kh3 Qh5+ 36. Qh4 Qf5+ 37. Qxf5 1-0


[Site "https://www.chess.com"]

[Event "Titled Tuesday Blitz May 03 Early 2022"]
[White "Stribuk, Artiom"]
[Black "Dang, Hoang Son"]
[WhiteFideId "13515659"]
[BlackFideId "12402435"]
[WhiteElo "2259"]
[BlackElo "2252"]
[Result "0-1"]
[Round "11"]
[TimeControl "180+1"]
[Date "2022.05.03"]
[WhiteClock "0:00:02"]
[BlackClock "0:00:06"]

1. d4 Nf6 2. c4 g6 3. g3 Bg7 4. Bg2 O-O 5. Nf3 d6 6. O-O Nc6 7. a3 e5 8. d5 Ne7 9. Nc3 a5 10. e4 Nd7 11. Ne1 f5 12. Nd3 b6 13. f4 fxe4 14. Nxe4 Nf5 15. Ng5 Nc5 16. Nxc5 bxc5 17. Ne6 Bxe6 18. dxe6 Rb8 19. Kh1 Nd4 20. fxe5 dxe5 21. Be3 Rxb2 22. Rb1 Rxb1 23. Qxb1 Rxf1+ 24. Qxf1 Qf6 25. Qb1 Bf8 26. Qb8 Nxe6 27. Qe8 Kg7 28. h4 Nd4 29. Bg5 Qe6 30. Bh6+ Kxh6 31. Qxf8+ Kh5 32. Kh2 h6 33. Bh3 Nf5 34. g4+ Kxh4 35. gxf5 gxf5 36. Bxf5 Qd6 37. Qxd6 cxd6 38. Be4 Kg4 39. Kg2 Kf4 40. Bd5 h5 41. Kf2 h4 42. Be6 e4 43. Ke2 e3 44. Bh3 Ke4 45. Be6 Kd4 46. Ke1 Kd3 47. Kd1 a4 48. Ke1 h3 49. Bxh3 Kxc4 50. Ke2 Kb3 51. Kxe3 Kxa3 52. Be6 Kb2 53. Kd3 a3 54. Ke4 a2 0-1


[Site "https://www.chess.com"]

[Event "Titled Tuesday Blitz May 03 Early 2022"]
[White "Suarez Uriel, Adrian"]
[Black "Horcajuelo Rocamora, Martin"]
[WhiteFideId "22230874"]
[BlackFideId "24573027"]
[WhiteElo "2316"]
[BlackElo "1822"]
[Result "1-0"]
[Round "11"]
[TimeControl "180+1"]
[Date "2022.05.03"]
[WhiteClock "0:02:30"]
[BlackClock "0:01:24"]

1. d4 Nf6 2. c4 c5 3. Nf3 cxd4 4. Nxd4 e6 5. Nc3 d5 6. e3 dxc4 7. Bxc4 Bc5 8. O-O O-O 9. Nb3 Bb6 10. Qe2 Nc6 11. Rd1 Qe7 12. e4 e5 13. Bg5 Be6 14. Nd5 Bxd5 15. exd5 Na5 16. Nxa5 Bxa5 17. d6 Qe8 18. Bxf6 gxf6 19. Qe4 Qc6 20. Bd5 Qb6 21. Qf5 Rfd8 22. Be4 Rxd6 23. Qxh7+ Kf8 24. Qh8+ Ke7 25. Qxa8 Rxd1+ 26. Rxd1 Qxb2 27. Qxb7+ 1-0


[Site "https://www.chess.com"]

[Event "Titled Tuesday Blitz May 03 Early 2022"]
[White "Tasev, Dejan"]
[Black "Bas Mas, Jose Joaquin"]
[WhiteFideId "936618"]
[BlackFideId "22219064"]
[WhiteElo "2253"]
[BlackElo "2212"]
[Result "1-0"]
[Round "11"]
[TimeControl "180+1"]
[Date "2022.05.03"]
[WhiteClock "0:00:11"]
[BlackClock "0:00:01"]

1. e4 c5 2. Nf3 d6 3. Nc3 Nc6 4. d4 cxd4 5. Nxd4 Nf6 6. Bc4 g6 7. Bb3 Bg7 8. f3 O-O 9. Be3 Nd7 10. Qd2 Nb6 11. h4 Na5 12. Qd3 Bd7 13. h5 Rc8 14. hxg6 hxg6 15. O-O-O Nbc4 16. Bh6 Bxh6+ 17. Rxh6 Kg7 18. Rdh1 Rg8 19. Kb1 e5 20. Nde2 Qg5 21. Rh7+ Kf8 22. Bxc4 Nxc4 23. Qd5 Be6 24. Qxb7 Qe7 25. Qxe7+ Kxe7 26. b3 Rb8 27. Kc1 Na3 28. Rd1 Rgc8 29. Rd3 a5 30. Rh1 Rc6 31. Rhd1 a4 32. Kb2 Nc4+ 33. Kc1 Na3 34. Kd2 f5 35. Rh1 Kf6 36. g3 Rbc8 37. f4 fxe4 38. Nxe4+ Kg7 39. c4 axb3 40. axb3 d5 41. cxd5 Rc2+ 42. Ke3 exf4+ 43. Nxf4 Bf5 44. g4 Bxg4 45. d6 Bf5 46. d7 Rd8 47. Ng5 Bxd3 48. Nfe6+ Kf6 49. Nxd8 Bf5 50. Ndf7 Bxd7 51. Ne4+ Kxf7 52. Rh7+ Ke6 53. Rg7 1-0


[Site "https://www.chess.com"]